 Dungeon Crawl Stone Soup version 0.29.1-15-g9cfb28693d (webtiles) character file.

Game seed: 18237842963017772601

529 Peloso the Covered (level 7, 0/60 HPs)
             Began as a Minotaur Fighter on Apr 19, 2023.
             Slain by an iguana (5 damage)
             ... on level 5 of the Dungeon.
             The game lasted 00:06:24 (4389 turns).

Peloso the Covered (Minotaur Fighter)               Turns: 4389, Time: 00:06:24

Health: 0/60       AC: 10    Str: 21    XL:     7   Next: 3%
Magic:  6/6        EV:  8    Int:  9    God:
Gold:   218        SH:  5    Dex: 17    Spells: 6/6 levels left

rFire   . . .      SeeInvis .   b - +7 war axe of the Divine God {pain, Int+4 Dex+6}
rCold   . . .      Faith    .   d - +0 buckler
rNeg    . . .      Spirit   .   c - +0 chain mail
rPois   .          Reflect  .   (helmet restricted)
rElec   .          Harm     .   (no cloak)
rCorr   .          Rampage  .   (no gloves)
Will    .....                   (no boots)
Stlth   ..........              (no amulet)
HPRegen 0.20/turn               (no ring)
MPRegen 0.10/turn               (no ring)

@: no status effects
A: horns 2, retaliatory headbutt
a: no special abilities


You were on level 5 of the Dungeon.
You visited 1 branch of the dungeon, and saw 5 of its levels.

You collected 218 gold pieces.

Inventory:

Hand Weapons
 a - a +0 long sword
 b - the +7 war axe of the Divine God (weapon) {pain, Int+4 Dex+6}
   (You took it off an orc on level 4 of the Dungeon)

   In the hands of one skilled in necromantic magic, it inflicts extra damage on
   living creatures.
   Int:       It affects your intelligence (+4).
   Dex:       It affects your dexterity (+6).
Armour
 c - a +0 chain mail (worn)
 d - a +0 buckler (worn)
Jewellery
 o - a ring of ice
Scrolls
 e - a scroll of immolation {unknown}
 f - 2 scrolls of poison
 i - 3 scrolls of teleportation
 j - 4 scrolls of enchant weapon {unknown}
 k - 2 scrolls of fear {unknown}
 l - 5 scrolls of identify {unknown}
 m - 2 scrolls of blinking
 p - 2 scrolls of vulnerability {unknown}
Potions
 g - 3 potions of curing
 h - 3 potions of might
 n - a potion of degeneration {unknown}


   Skills:
 + Level 4.6 Fighting
 + Level 5.3 Long Blades
 + Level 2.2 Axes
 + Level 6.4 Armour
 + Level 2.0 Dodging
 + Level 0.2 Stealth
 + Level 4.2 Shields


You had 6 spell levels left.
You didn't know any spells.
Your spell library contained the following spells:

 Spells                   Type           Power      Damage    Failure   Level
 Sublimation of Blood     Necr           0%         N/A       99%         2
 Wereblood                Tmut           0%         N/A       99%         2
 Malign Gateway           Summ/Tloc      0%         N/A       100%        7
 Summon Hydra             Summ           0%         N/A       100%        7
 Summon Horrible Things   Summ           0%         N/A       100%        8


Dungeon Overview and Level Annotations

Branches:
Dungeon (5/15)
 Temple: D:4-7

Altars:
The Shining One

Annotations:
D:4 2 runed translucent doors, danmikkh's ghost, amateur DjAE


Innate Abilities, Weirdness & Mutations

You have a pair of horns on your head.
You reflexively headbutt those who attack you in melee.


Message History

The adder is moderately wounded.
You feel sick. The adder bites you but does no damage.
The adder closely misses you.
You closely miss the adder. Your headbutt misses the adder.
The adder is moderately wounded.
You feel sick. You block the adder's attack.
You hit the adder.
The adder is severely wounded.
You feel sick.
You are no longer poisoned.
The adder closely misses you. You furiously retaliate!
You headbutt the adder. The adder completely misses you.
You closely miss the adder. You headbutt the adder.
You kill the adder!
The adder closely misses you.
You have reached level 7!
You closely miss the adder. The adder bites you.
* * * LOW HITPOINT WARNING * * *
You are poisoned.
The adder poisons you! The adder bites you but does no damage.
You slash the adder!
The adder is heavily wounded.
You feel sick. You block the adder's attack.
The adder bites you but does no damage.
You slash the adder!
You kill the adder!
You hear the slow hiss of a very distant avalanche of sand.
You feel sick. The iguana bites you!
* * * LOW HITPOINT WARNING * * *
You hit the iguana but do no damage.
You feel sick.
You are no longer poisoned.
The iguana bites you but does no damage.
You barely miss the iguana. The iguana closely misses you.
You block the iguana's attack.
You closely miss the iguana. The iguana misses you. You furiously retaliate!
You headbutt the iguana, but do no damage.
You slash the iguana!
The iguana is heavily wounded.
You block the iguana's attack. The iguana bites you.
You die...

####.......#
#.........<#
#.##......##
#.##......#
#.##......#
#.##......#
#.##......# #
#.####.####...#
#......@l.$....
######.####...#
...# # #####


You could see an iguana.

Vanquished Creatures
  A black bear (D:4)
  A scorpion (D:5)
  2 hounds (D:4)
  Ijyb (D:5)
  An orc wizard (D:4)
  2 iguanas (D:4)
  Robin (D:2)
  9 adders
  3 gnolls (D:4)
  A shadow imp (D:4)
  An ufetubus (D:4)
  A worm (D:4)
  A dart slug (D:2)
  5 orcs
  4 endoplasms
  4 giant cockroaches
  12 hobgoblins
  2 quokkas
  8 ball pythons
  6 bats
  4 frilled lizards (D:1)
  13 goblins
  6 kobolds
  4 rats
93 creatures vanquished.

Vanquished Creatures (others)
  A rat (D:2)
1 creature vanquished.

Grand Total: 94 creatures vanquished

Notes
Turn   | Place    | Note
-------+----------+-------------------------------------------
     0 | D:1      | Peloso the Minotaur Fighter began the quest for the Orb.
     0 | D:1      | Reached XP level 1. HP: 19/19 MP: 0/0
   337 | D:1      | Reached XP level 2. HP: 23/27 MP: 1/1
   723 | D:1      | Reached XP level 3. HP: 31/33 MP: 2/2
   911 | D:2      | Reached skill level 4 in Armour
   927 | D:2      | Reached skill level 1 in Dodging
  1195 | D:2      | Noticed Robin
  1429 | D:2      | Killed Robin
  1600 | D:2      | Reached XP level 4. HP: 40/40 MP: 3/3
  2612 | D:3      | You fall into a shaft and drop 1 floor!
  2905 | D:4      | Found a large runed translucent door.
  2905 | D:4      | Found a large runed translucent door.
  2907 | D:4      | Noticed danmikkh's ghost (amateur DjAE)
  2912 | D:4      | Reached XP level 5. HP: 44/47 MP: 4/4
  3021 | D:4      | Reached skill level 5 in Armour
  3366 | D:4      | Identified the +7 war axe of the Divine God {pain, Int+4
                  | Dex+6}
  3386 | D:4      | Reached XP level 6. HP: 31/53 MP: 5/5
  3610 | D:4      | Reached skill level 6 in Armour
  3733 | D:4      | Reached skill level 5 in Long Blades
  4295 | D:3      | Found a faded altar of an unknown god.
  4298 | D:3      | Found a glowing golden altar of the Shining One.
  4345 | D:5      | Entered Level 5 of the Dungeon
  4362 | D:5      | Noticed Ijyb
  4369 | D:5      | Killed Ijyb
  4370 | D:5      | Reached skill level 1 in Axes
  4383 | D:5      | Reached XP level 7. HP: 17/60 MP: 6/6
  4389 | D:5      | Slain by an iguana

Illustrated notes

Levels and vault maps discovered:
D:1:      dpeg_arrival_houses_and_road, layout_loops_ring,
          minmay_split_cup_small
D:2:      layout_loops_ring, reono_crystal_passage, chequers_arboretum,
          uniq_robin
D:3:      layout_basic, nicolae_overflow_ecumenical_swirl,
          minmay_misc_feat_square
D:4:      minmay_skewed_foursquare, layout_rooms, ebering_ghost_disaster_area,
          hangedman_decor_diamond_cutter
D:5:      layout_basic, minmay_temple_entry_antechambers,
          lightli_ossuary_entry_decrepit_ruins, kennysheep_potato, uniq_ijyb

Skill      XL: |  1  2  3  4  5  6 |
---------------+-------------------+-----
Fighting       | 4 |  4.6
Shields        | 4 |  4.2
Long Blades    | 3 4 5 |  5.3
Armour         | 4 5 6 |  6.4
Dodging        | 1 2 |  2.0
Axes           | 2 |  2.2
Stealth        | |  0.2

Action                   |  1- 3 |  4- 6 |  7- 9 || total
-------------------------+-------+-------+-------++-------
Melee: Long sword        |   124 |   117 |       ||   241
       Headbutt          |     9 |    24 |       ||    33
       War axe           |       |    31 |     7 ||    38
  Use: Potion            |     3 |     3 |       ||     6
       Scroll            |     1 |     3 |       ||     4
Armor: Scale mail        |    91 |    10 |       ||   101
       Chain mail        |       |    63 |     3 ||    66
Dodge: Dodged            |    81 |    81 |     2 ||   164
Block: Buckler           |    40 |    38 |     3 ||    81
